 Dungeon Crawl Stone Soup version 0.27-a0-1193-g8631133539 (webtiles) character file.

Game seed: 17916446451450165388

9994 HendSelp the Destroyer (level 11, -20/54 HPs)
             Began as a Deep Elf Conjurer on May 25, 2021.
             Was a Believer of Sif Muna.
             Killed from afar by a gargoyle (29 damage)
             ... with a stone arrow
             ... on level 11 of the Dungeon.
             The game lasted 00:25:50 (15142 turns).

HendSelp the Destroyer (Deep Elf Conjurer)         Turns: 15142, Time: 00:25:50

Health: -20/54     AC: 11    Str:  4    XL:     11   Next: 30%
Magic:  12/27      EV: 13    Int: 27    God:    Sif Muna [**....]
Gold:   627        SH:  0    Dex:  9    Spells: 23/30 levels left

rFire    + . .     SeeInvis .   G - +2 dagger (protect)
rCold    + . .     Faith    .   (no shield)
rNeg     + . .     Spirit   .   y - +2 robe {rC+}
rPois    .         Reflect  .   m - +2 helmet
rElec    .         Harm     .   (no cloak)
rCorr    .         Rampage  .   (no gloves)
Will     ++...                  (no boots)
Stlth    ++........             B - amulet of magic regeneration
HPRegen  0.18/turn              q - +4 ring of protection
MPRegen  0.45/turn              w - ring "Kiqenn" {rF+ rN+ Will+ Dex-4 Slay+4}

@: no status effects
A: no striking features
a: Renounce Religion, Channel Magic


You were on level 11 of the Dungeon.
You worshipped Sif Muna.
Sif Muna was pleased with you.
You visited 2 branches of the dungeon, and saw 12 of its levels.

You collected 627 gold pieces.

Inventory:

Hand Weapons
 G - a +2 dagger of protection (weapon)
Missiles
 j - 8 atropa-tipped darts
 o - 3 curare-tipped darts
 s - a throwing net
Armour
 m - a +2 helmet (worn)
 y - a +2 robe of cold resistance (worn)
Jewellery
 e - an amulet of regeneration
 k - an amulet of reflection
 q - a +4 ring of protection (left hand)
 w - the ring "Kiqenn" (right hand) {rF+ rN+ Will+ Dex-4 Slay+4}
   (You found it on level 6 of the Dungeon)

   [ring of positive energy]

   It affects your dexterity (-4).
   It affects your accuracy and damage with ranged weapons and melee attacks
   (+4).
   It protects you from fire.
   It protects you from negative energy.
   It increases your willpower.
 B - an amulet of magic regeneration (around neck)
Wands
 i - a wand of mindburst (13)
 r - a wand of paralysis (14)
 t - a wand of acid (4)
 z - a wand of iceblast (26)
 D - a wand of polymorph (11)
 F - a wand of charming (1)
Scrolls
 a - 2 scrolls of teleportation
 g - 3 scrolls of magic mapping
 v - 2 scrolls of fog
 x - a scroll of fear
Potions
 b - a potion of curing
 d - a potion of magic
 f - a potion of flight
 l - 2 potions of lignification
 n - 2 potions of haste
 p - a potion of heal wounds
 u - a potion of invisibility
 C - a potion of cancellation
 E - a potion of experience {unknown}


   Skills:
 - Level 10.0 Short Blades
 + Level 5.5 Dodging
 - Level 2.4 Stealth
 - Level 10.0 Spellcasting
 - Level 10.0 Conjurations
 - Level 10.0 Translocations


You had 23 spell levels left.
You knew the following spells:

 Your Spells              Type           Power      Damage    Failure   Level
a - Magic Dart            Conj           100%       1d8       1%          1
b - Searing Ray           Conj           100%       3d7       1%          2
c - Iskenderun's Mystic   Conj/Tloc      61%        2d13      1%          4

Your spell library contained the following spells:

 Spells                   Type           Power      Damage    Failure   Level
 Dazzling Flash           Conj/Hex       80%        N/A       1%          3
 Gell's Gravitas          Tloc           30%        N/A       1%          3
 Animate Skeleton         Necr           26%        N/A       4%          1
 Pain                     Necr           52%        1d6       4%          1
 Fulminant Prism          Conj/Hex       20%        3d13      5%          4
 Confusing Touch          Hex            13%        N/A       13%         3
 Vampiric Draining        Necr           6%         2d6       13%         3
 Animate Dead             Necr           6%         N/A       38%         4
 Petrify                  Tmut/Erth      13%        N/A       38%         4
 Agony                    Necr           13%        N/A       75%         5
 Metabolic Englaciation   Hex/Ice        6%         N/A       75%         5
 Yara's Violent Unravell  Hex/Tmut       6%         3d5       75%         5


Dungeon Overview and Level Annotations

Branches:
Dungeon (11/15)            Temple (1/1) D:5            Lair (0/6) D:10
    Orc (0/2) D:11

Altars:
Ashenzari
Cheibriados
Dithmenos
Elyvilon
Fedhas
Gozag
Hepliaklqana
Kikubaaqudgha
Makhleb
Nemelex Xobeh
Okawaru
Qazlal
Ru
Sif Muna
Trog
Uskayaw
Vehumet
Wu Jian
Xom
Yredelemnul
Zin
The Shining One

Shops:
D:8 [?**[

Annotations:
D:3 2 transporters
D:8 2 transporters, Orlauf's ghost, novice DsGl


Message History

The gargoyle hurls a stone arrow at you.
The stone arrow hits you!!
The magic dart hits the gargoyle but does no damage.
The magic dart hits the gargoyle but does no damage.
The magic dart hits the gargoyle but does no damage.
Casting: Magic Dart (safe; 1% risk of failure)
Confirm with . or Enter, or press ? or * to list all spells.
You erupt in a blast of force!
The mystic blast hits the gargoyle but does no damage.
The gargoyle closely misses you.
Unknown command.
Casting: Iskenderun's Mystic Blast (dangerous; 1% risk of failure)
Confirm with . or Enter, or press ? or * to list all spells.
You erupt in a blast of force!
The mystic blast hits the gargoyle but does no damage.
The gargoyle hurls a stone arrow at you.
The stone arrow hits you!!
* * * LOW HITPOINT WARNING * * *
Casting: Iskenderun's Mystic Blast (dangerous; 1% risk of failure)
Confirm with . or Enter, or press ? or * to list all spells.
You erupt in a blast of force!
The mystic blast hits the gargoyle!
The gargoyle is heavily damaged.
The gargoyle is knocked back by the mystic blast.
Unknown command.
Unknown command.
Casting: Iskenderun's Mystic Blast (dangerous; 1% risk of failure)
Confirm with . or Enter, or press ? or * to list all spells.
Aiming: Searing Ray (safe; 1% risk of failure)
Press: ? - help, Shift-Dir - straight line, f/p - gargoyle
Aim: a gargoyle, wielding a +0 flail (heavily damaged, 92% to hit)
The searing ray hits the gargoyle.
The gargoyle is heavily damaged. (Press . to maintain the ray.) Unknown command.
The searing ray hits the gargoyle!
The gargoyle is almost destroyed.
The gargoyle hurls a stone arrow at you.
The stone arrow hits you!!
Ouch! That really hurt!
You die...

#### ...# ...### ..... ...# .9.
#######.# #.....@.# #.###.
#>####### #.#.. #.# #.... . #.#
#.... # #.# #.#.# # ##.## #.#.# #
####...#############.#.# ##
#######....................#.###.
#.......##...####.#.######...(.>.


You could see a gargoyle.

Vanquished Creatures
  A two-headed ogre (D:11)
  An ugly thing (D:9)
  2 centaur zombies (D:11)
  Psyche (D:10)
  An unseen horror (D:10)
  3 trolls
  Sigmund (D:3)
  A shadow (D:9)
  A wyvern (D:9)
  6 yaks
  2 steam dragons (D:6)
  6 vampire mosquitoes
  2 wargs (D:10)
  An acid dragon (D:11)
  A water moccasin (D:5)
  5 ice beasts
  2 sky beasts (D:5)
  A black bear (D:5)
  3 orc warriors (D:10)
  An ogre (D:5)
  2 centaurs
  2 phantoms
  5 kobold brigands
  A bullfrog (D:9)
  3 gnoll sergeants
  2 scorpions
  A wyvern zombie (D:9)
  A water moccasin zombie (D:5)
  A water moccasin skeleton (D:5)
  4 killer bees (D:8)
  8 wights
  4 howler monkeys
  3 electric eels (D:8)
  2 hounds
  A gnoll shaman (D:6)
  A jelly (D:5)
  7 orc priests
  Ijyb (D:5)
  Jessica (D:2)
  6 iguanas
  Terence (D:2)
  11 orc wizards
  2 killer bee zombies
  A howler monkey zombie (D:6)
  Robin (D:2)
  19 gnolls
  4 adders
  An ufetubus (D:6)
  An adder skeleton (D:4)
  A worm (D:3)
  4 dart slugs
  38 orcs
  4 bats
  9 endoplasms
  A giant cockroach (D:3)
  8 hobgoblins
  11 jackals
  2 quokkas (D:1)
  8 ball pythons
  3 frilled lizards
  15 goblins
  44 kobolds
  2 rats
289 creatures vanquished.

Vanquished Creatures (others)
  A kobold (D:4)
  37 plants (D:4)
38 creatures vanquished.

Grand Total: 327 creatures vanquished

Notes
Turn   | Place    | Note
-------+----------+-------------------------------------------
     0 | D:1      | HendSelp the Deep Elf Conjurer began the quest for the Orb.
     0 | D:1      | Reached XP level 1. HP: 10/10 MP: 6/6
   212 | D:1      | Reached XP level 2. HP: 15/15 MP: 0/9
   557 | D:1      | Found a faded altar of an unknown god.
   727 | D:1      | Reached XP level 3. HP: 19/19 MP: 6/11
   730 | D:1      | Reached skill level 5 in Spellcasting
  1018 | D:2      | Noticed Terence
  1274 | D:1      | Learned a level 2 spell: Searing Ray
  1339 | D:2      | Killed Terence
  1340 | D:2      | Reached skill level 5 in Conjurations
  1340 | D:2      | Reached XP level 4. HP: 24/24 MP: 7/13
  1652 | D:2      | Found a basalt altar of Yredelemnul.
  1739 | D:2      | Noticed Robin
  1751 | D:2      | Killed Robin
  1752 | D:2      | Reached XP level 5. HP: 24/28 MP: 0/14
  1893 | D:2      | Noticed Jessica
  1895 | D:2      | Killed Jessica
  2261 | D:3      | Found a transporter.
  2575 | D:3      | Reached XP level 6. HP: 30/32 MP: 10/15
  2667 | D:3      | Noticed Sigmund
  2673 | D:3      | Killed Sigmund
  2936 | D:3      | Found a transporter.
  3442 | D:4      | Reached XP level 7. HP: 36/36 MP: 7/16
  4631 | D:4      | Identified the +6 short sword "Gujioti" {flame, Will+}
  4689 | D:5      | Entered Level 5 of the Dungeon
  4716 | D:5      | Reached skill level 10 in Conjurations
  4716 | D:5      | Reached skill level 1 in Short Blades
  4770 | D:5      | Found a staircase to the Ecumenical Temple.
  4779 | Temple   | Entered the Ecumenical Temple
  5331 | D:5      | Reached XP level 8. HP: 41/41 MP: 13/17
  6070 | D:5      | Reached skill level 5 in Short Blades
  6676 | D:5      | Noticed Ijyb
  6682 | D:5      | Killed Ijyb
  7566 | D:6      | Reached XP level 9. HP: 21/45 MP: 6/18
  8561 | D:6      | Identified the ring "Kiqenn" {rF+ rN+ Will+ Dex-4 Slay+4}
  8817 | D:6      | Learned a level 4 spell: Iskenderun's Mystic Blast
  9288 | D:7      | Found a shimmering blue altar of Sif Muna.
  9309 | D:7      | Reached skill level 10 in Short Blades
  9337 | D:7      | Became a worshipper of Sif Muna the Loreminder
 10020 | D:8      | Found Rargheed's Antique Armour Shoppe.
 10208 | D:8      | Found a transporter.
 10208 | D:8      | Noticed Orlauf's ghost (novice DsGl)
 10213 | D:8      | Noticed a tengu warrior
 10234 | D:8      | Found a transporter.
 10272 | D:8      | Found Xeatur's Assorted Antiques.
 10306 | D:8      | Found Yrecor's Assorted Antiques.
 10326 | D:8      | Found Maalumyl's Armour Shoppe.
 10350 | D:8      | Found Wusocrum's Magic Scroll Shoppe.
 10466 | D:8      | Reached * piety under Sif Muna
 10926 | D:8      | Reached XP level 10. HP: 50/50 MP: 20/24
 11707 | D:9      | Reached skill level 10 in Spellcasting
 11707 | D:9      | Reached skill level 1 in Translocations
 12089 | D:9      | Reached skill level 5 in Translocations
 12150 | D:9      | Noticed a white ugly thing
 12168 | D:9      | Killed a white ugly thing
 12483 | D:10     | Entered Level 10 of the Dungeon
 12640 | D:10     | Noticed Psyche
 12649 | D:10     | Killed Psyche
 12957 | D:10     | Found a staircase to the Lair.
 12960 | D:10     | Reached ** piety under Sif Muna
 13282 | D:10     | Reached XP level 11. HP: 43/54 MP: 18/27
 14548 | D:11     | Found a staircase to the Orcish Mines.
 14632 | D:11     | Reached skill level 10 in Translocations
 14896 | D:11     | Noticed a two-headed ogre
 14907 | D:11     | Killed a two-headed ogre
 14908 | D:11     | Reached skill level 5 in Dodging
 15142 | D:11     | Killed from afar by a gargoyle

Illustrated notes

Levels and vault maps discovered:
D:1:      scummos_arrival_simple_crosswalls, layout_rooms,
          hellmonk_ecumenical_altar_zigzags
D:2:      layout_rooms, basic_altar, uniq_robin, uniq_terence, uniq_jessica
D:3:      gammafunk_steamed_eel, layout_loops_cross, uniq_sigmund
D:4:      kennysheep_kobold_camp, layout_gridville, kennysheep_small_spiral,
          kennysheep_another_room, glass_columns_a, minmay_misc_feat_pillars
D:5:      layout_gridville, minmay_temple_entry_nine_rooms, minmay_puff,
          uniq_ijyb
D:6:      layout_cave_pools, minivault_1
D:7:      layout_rooms, kennysheep_mini_moat
D:8:      layout_basic, serial_shops, shop_fountains, shop, shop,
          shop_fountains, shop, gammafunk_ghost_arena, minivault_14
D:9:      layout_rooms
D:10:     layout_basic, erik_lair_orcish_takeover, minivault_24, uniq_psyche
D:11:     layout_loops_ring, orc_0_dummy, corexii_leaking_fountain
Temple:   nicolae_temple_the_god_donut

Skill      XL: |  1  2  3  4  5  6  7  8  9 10 11 |
---------------+----------------------------------+-----
Spellcasting   | 4 5 8 10 | 10.0
Conjurations   | 5 6 7 8 10 | 10.0
Short Blades   | 2 7 10 | 10.0
Translocations | 9 10 | 10.0
Dodging        | 5 |  5.5
Stealth        | |  2.4

Action                   |  1- 3 |  4- 6 |  7- 9 | 10-12 || total
-------------------------+-------+-------+-------+-------++-------
Melee: Dagger            |       |       |    31 |    16 ||    47
 Cast: Magic Dart        |    59 |   107 |   289 |   105 ||   560
       Searing Ray       |     1 |     8 |    60 |    22 ||    91
       Iskenderun's Myst |       |       |     9 |    56 ||    65
Evoke: Wand              |       |       |     1 |       ||     1
  Use: Scroll            |     1 |     5 |    13 |     7 ||    26
       Potion            |       |       |       |     1 ||     1
Armor: Robe              |     1 |     3 |    42 |    44 ||    90
Dodge: Dodged            |     4 |    12 |    85 |    48 ||   149
Block: Other             |       |       |    28 |     6 ||    34
       Reflection        |       |       |     4 |     2 ||     6

Table legend: (Time is in decaauts)
 A = Elapsed time spent in this place.
 B = Non-inter-level travel time spent in this place.
 C = Inter-level travel time spent in this place.
 D = Time resting spent in this place.
 E = Time spent auto-exploring this place.
 F = Levels seen in this place.
 G = Mean time per level.
                   A        B        C        D        E       F      G
               +--------+--------+--------+--------+--------+-----+--------+
         Total |  15134 |  14667 |    467 |   2357 |  10649 |  12 | 1261.2 |
       Dungeon |  14813 |  14363 |    450 |   2357 |  10346 |  11 | 1346.6 |
        Temple |    320 |    303 |     17 |      0 |    303 |   1 |  320.0 |
               +--------+--------+--------+--------+--------+-----+--------+

Top non-repeatable levels by time:
     D:5: 2409 daAuts
    D:10: 1998 daAuts
     D:8: 1449 daAuts
     D:4: 1297 daAuts
     D:3: 1267 daAuts
     D:1: 1225 daAuts
     D:7: 1213 daAuts
     D:6: 1180 daAuts
     D:9: 1070 daAuts
     D:2: 1047 daAuts
    D:11: 652 daAuts
  Temple: 320 daAuts
